 Dungeon Crawl Stone Soup version 0.21.1-1-g345015f (webtiles) character file.

157 Kairos the Charmwright (level 5, 0/39 HPs)
             Began as a Human Skald on Mar 22, 2018.
             Slain by Eustachio
             ... wielding a +0 falchion
              (5 damage)
             ... on level 4 of the Dungeon on Mar 23, 2018.
             The game lasted 00:08:39 (3536 turns).

Kairos the Charmwright (Human Skald)                Turns: 3536, Time: 00:08:40

Health: 0/39       AC:  6    Str: 12    XL:     5   Next: 66%
Magic:  7/9        EV: 12    Int: 17    God:
Gold:   99         SH:  0    Dex: 13    Spells: 6/9 levels left

rFire    . . .     SeeInvis .   e - +0 whip (flame)
rCold    . . .     Gourm    .   (no shield)
rNeg     . . .     Faith    .   b - +0 leather armour
rPois    .         Spirit   .   (no helmet)
rElec    .         Reflect  .   m - +2 cloak
rCorr    .         Harm     .   (no gloves)
MR       .....                  (no boots)
Stlth    +.........             (no amulet)
HPRegen  0.13/turn              i - ring of wizardry
MPRegen  0.11/turn              h - +4 ring of intelligence

@: singing, starving
A: no striking features
a: no special abilities


You were on level 4 of the Dungeon.
You were starving.

You visited 1 branch of the dungeon, and saw 4 of its levels.

You collected 99 gold pieces.

Inventory:

Hand Weapons
 a - a +0 mace
 e - a +0 whip of flaming (weapon)
Armour
 b - a +0 leather armour (worn)
 m - a +2 cloak (worn)
Jewellery
 h - a +4 ring of intelligence (right hand)
 i - a ring of wizardry (left hand)
 p - an uncursed ring of see invisible
Scrolls
 g - a scroll of magic mapping
 k - a scroll of teleportation {unknown}
 l - a scroll of identify
 o - a scroll of immolation {unknown}
 r - a scroll of enchant armour
 s - a scroll of fog {unknown}
 t - a scroll of remove curse {unknown}
Potions
 f - 3 potions of agility
 j - a potion of might {unknown}
 n - a potion of invisibility {unknown}
 u - 2 potions of resistance
 v - a potion of berserk rage {unknown}
Books
 c - a book of Battle

   Spells                             Type                      Level
   a - Infusion                       Charms                       1
   b - Shroud of Golubria             Charms/Translocation         2
   c - Song of Slaying                Charms                       2
   d - Spectral Weapon                Hexes/Charms                 3
   e - Regeneration                   Charms/Necromancy            3
Comestibles
 d - 8 rations


   Skills:
 + Level 2.6 Fighting
 + Level 3.1 Maces & Flails
 + Level 2.0 Armour
 + Level 2.7 Dodging
 + Level 0.3 Stealth
 + Level 2.6 Spellcasting
 + Level 3.4 Charms


You had 6 spell levels left.
You knew the following spells:

 Your Spells              Type           Power        Failure   Level  Hunger
a - Infusion              Chrm           ##..         2%          1    #......
b - Song of Slaying       Chrm           ##......     3%          2    ##.....


Dungeon Overview and Level Annotations

Branches:
Dungeon (4/15)
 Temple: D:4-7

Altars:

Annotations:
D:4 Eustachio


Message History

The puff of frost hits you!
Casting: Song of Slaying
Confirm with . or Enter, or press ? or * to list all spells.
You start singing a song of slaying.
You are starving!
The white imp hits you but does no damage.
Eustachio asks, "How can you live without manners, virtues and honour?"
You hit the rat. You burn the rat.
You kill the rat!
The rat's corpse disappears in a puff of smoke!
The white imp hits you. The white imp freezes you.
* * * LOW HITPOINT WARNING * * *
Eustachio misses you. The quokka barely misses you.
The white imp gestures at you. The puff of frost hits you!
* * * LOW HITPOINT WARNING * * *
You closely miss Eustachio.
Eustachio is lightly wounded.
Eustachio hits you with a falchion.
You die...

#........###..##.# #... .#
#................#
..#+##.#
#...........#..#.#
.......#
#.......###.#..#.# #.....
#.......#........# #.#.#
#......########..#####...#
####.....# #..>...##.###
#####.#######.#..##.####
#....5.@@..........#
#..<####r.#.....##.#
#.....ยง.r......)##.#
###.####..#.##.....# #.#
#..#........# #.#
#..#....##### ###
#..#..#.# #.......#
###.######


You could see Eustachio, a white imp, a quokka and a rat.

Vanquished Creatures
  A worker ant zombie (D:3)
  Robin (D:3)
  4 gnolls (D:2)
  2 adders
  4 worms
  A dart slug (D:2)
  2 leopard geckos
  An orc (D:3)
  A ball python (D:3)
  5 bats
  2 giant cockroaches
  10 goblins
  9 hobgoblins
  4 jackals (D:3)
  5 frilled lizards
  3 kobolds (D:2)
  6 rats
61 creatures vanquished.

Notes
Turn   | Place    | Note
-------+----------+-------------------------------------------
     0 | D:1      | Kairos the Human Skald began the quest for the Orb.
     0 | D:1      | Reached XP level 1. HP: 16/16 MP: 3/3
   399 | D:1      | Reached XP level 2. HP: 16/22 MP: 5/5
   940 | D:2      | Learned a level 2 spell: Song of Slaying
   994 | D:2      | Reached XP level 3. HP: 8/27 MP: 0/6
  1012 | D:2      | Reached XP level 4. HP: 16/34 MP: 0/7
  2181 | D:2      | Reached XP level 5. HP: 37/39 MP: 8/8
  2618 | D:3      | Noticed Robin
  2625 | D:3      | Killed Robin
  3220 | D:4      | Noticed Eustachio
  3536 | D:4      | Slain by Eustachio

Skill      XL: |  1  2  3  4  5 |
---------------+----------------+-----
Armour         | 2 |  2.0
Maces & Flails | 3 |  3.1
Fighting       | |  2.6
Dodging        | |  2.7
Stealth        | |  0.3
Spellcasting   | |  2.6
Charms         | |  3.4

Action                   |  1- 3 |  4- 6 || total
-------------------------+-------+-------++-------
Melee: Whip              |    59 |   199 ||   258
       Mace              |    10 |       ||    10
 Cast: Infusion          |     2 |     5 ||     7
       Song of Slaying   |     1 |     8 ||     9
  Use: Potion            |     3 |     1 ||     4
       Scroll            |       |     4 ||     4
 Stab: Sleeping          |     1 |       ||     1
  Eat: Chunk             |       |     7 ||     7
Armor: Leather armour    |     6 |    55 ||    61
Dodge: Dodged            |    39 |   124 ||   163
